Map: Ascension to Aiur LE

Players

Jason

  • Race: Terran Terran
  • League: Grandmaster
  • Spawn Location: 5:00

thxsub - Winner!

  • Race: Terran Terran
  • League: Grandmaster
  • Spawn Location: 11:00

VOD

Have the link to the VOD?

Description

In the current state of StarCraft, it has become hard to learn in a friendly and fun way because many tutorial makers, pros, and casters have turned their backs on the game. Many players that take the game semi-seriously end up hitting a frustrating skill plateau and feel like they have no other skill-improving options. The only real option is to analyze pro replays, but even that has its drawbacks.

For the players who feel like I felt after I started playing, this is for you :)

Tips:
- Rally SCV that builds the barracks to the natural
- Rally 21st SCV to build supply depot, then send it directly to second gas (after it is built, and after there are 2 on it). If timed out correctly, you will have exactly enough gas and more than enough minerals to execute the build perfectly.
- When saving up for the cyclone after the hellion, cut marines NOT SCVs.
- Be active with the reaper and hellion for map control
- 4:40 is a BIG time for you in this build; its time to make a tech lab with your barracks, build 2x barracks with one in the place of the old one by the reactor, get an engineering bay, get a second gas, and a reactor on starport.
- the 2x barracks at 5:30 is situational. If you think you can be greedy, you can expand. e.g. vs an economic raven opener, you can be greedy and expo early.

Time

  • Played on: May 16, 2017, 7:32 p.m.
  • Length: 8:51
Show
View Real Time Build Order
Export as new Build Order

Jason Terran 

Build Orders: Reaper Expand 

Get SALT Encoding   

  12  0:00  SCV  
  13  0:13  SCV  
  14  0:17  Supply Depot  
  14  0:25  SCV  
  14  0:28  Refinery  
  15  0:39  SCV  
  16  0:46  Barracks  
  16  0:51  SCV  
  17  1:03  SCV  
  18  1:15  SCV  
  19  1:33  Reaper, Orbital Command  
  20  1:44  Command Center  
  20  1:55  Factory  
  20  1:59  SCV  
  21  2:06  Barracks Reactor  
  21  2:09  Supply Depot  
  21  2:12  SCV  
  22  2:16  Refinery  
  22  2:24  SCV  
  23  2:41  Hellion  
  23  2:42  Starport  
  23  2:43  Marine x2  
  27  2:45  SCV  
  28  2:56  Orbital Command  
  28  2:58  SCV  
  28  3:02  Marine x2  
  31  3:11  Cyclone  
  34  3:14  SCV  
  35  3:23  Supply Depot  
  34  3:28  Marine x2  
  34  3:30  Medivac  
  34  3:32  SCV  
  39  3:35  SCV  
  40  3:45  Factory Tech Lab  
  40  3:46  SCV  
  41  3:48  Engineering Bay, Marine  
  41  3:49  Marine  
  41  3:51  SCV  
  44  3:58  SCV  
  45  4:05  Viking  
  45  4:06  Siege Tank  
  45  4:20  Marine  
  45  4:21  Marine  
  45  4:22  SCV x2  
  46  4:31  Barracks  
  46  4:33  Barracks  
  46  4:34  SCV x2  
  46  4:36  Terran Infantry Weapons Level 1  
  48  4:41  Supply Depot  
  48  4:43  Viking  
  50  4:47  Marine x2  
  50  4:49  SCV  
  53  4:53  SCV  
  53  4:56  Supply Depot, Refinery  
  54  5:03  Supply Depot, SCV  
  54  5:05  SCV  
  54  5:06  Siege Tank  
  59  5:14  Marine x2  
  59  5:15  SCV  
  59  5:17  Starport Reactor  
  59  5:18  Barracks Reactor, SCV  
  63  5:22  Supply Depot  
  63  5:25  Barracks Tech Lab  
  63  5:29  SCV  
  63  5:30  Refinery  
  64  5:35  SCV  
  64  5:36  Marine x2  
  64  5:41  SCV  
  68  5:44  Siege Tank  
  68  5:45  Marine  
  70  5:51  SCV  
  70  5:54  Marine x2  
  70  5:56  SCV, Marine x2  
  76  5:58  Medivac  
  78  6:08  Supply Depot  
  78  6:11  Supply Depot  
  78  6:14  Supply Depot  
  78  6:23  Stimpack  
  78  6:26  Supply Depot  
  78  6:28  Supply Depot  
  78  6:29  Medivac, SCV x2, Marine, Siege Tank  
  78  6:32  Marine x4  
  90  6:36  Supply Depot  
  90  6:38  Medivac  
  92  6:47  Marine  
  92  6:50  Marine x4  
  92  6:52  Barracks  
  92  6:53  Barracks  
  97  7:03  Siege Tank  
  97  7:04  Marine  
  97  7:05  SCV  
  97  7:08  Supply Depot, Marine x3  
  105  7:09  Supply Depot  
  105  7:12  Marine  
  106  7:22  Marine  
  103  7:26  Marine x2  
  106  7:35  Siege Tank  
  109  7:40  Marine  
  109  7:41  Marine x4  
  109  7:43  Marine  
  109  7:44  Supply Depot, Marine  
  115  7:45  Supply Depot  
  90  7:59  Marine  
  90  8:00  Marine  
  90  8:03  Marine x2  
  90  8:05  Marine x2  
  86  8:07  Siege Tank  
  86  8:09  Marine  
  90  8:16  Marine  
  90  8:18  Medivac x2, Marine  
  91  8:20  Marine x2  
  91  8:22  Marine  
  91  8:23  Marine  
  95  8:27  Marine  
Show
View Real Time Build Order
Export as new Build Order

thxsub Terran - Winner!

Build Orders: Reaper Expand, MMM Bio 

Get SALT Encoding   

  12  0:00  SCV  
  13  0:12  SCV  
  14  0:17  Supply Depot  
  14  0:24  SCV  
  14  0:28  Refinery  
  15  0:39  SCV  
  16  0:44  Barracks  
  16  0:51  SCV  
  17  1:03  SCV  
  18  1:15  SCV  
  19  1:31  Reaper, Orbital Command  
  20  1:42  Command Center  
  20  1:53  Factory  
  20  1:57  SCV  
  21  2:04  Refinery  
  21  2:06  Barracks Reactor  
  21  2:09  SCV  
  21  2:14  Supply Depot  
  22  2:21  SCV  
  23  2:36  SCV  
  26  2:37  Starport, Hellion  
  26  2:42  Marine  
  26  2:43  Marine  
  28  2:48  SCV  
  29  2:54  Orbital Command  
  29  3:00  SCV  
  30  3:06  Cyclone  
  30  3:09  Marine  
  30  3:11  Marine  
  35  3:16  Medivac  
  37  3:22  SCV x2  
  39  3:29  Marine x2  
  41  3:34  Supply Depot  
  41  3:36  SCV x2  
  41  3:39  Cyclone  
  46  3:46  Supply Depot  
  46  3:56  SCV x2, Marine x2  
  46  3:57  Viking  
  52  4:08  SCV x2  
  51  4:20  SCV x2  
  51  4:21  Factory Tech Lab, Marine x2  
  52  4:32  SCV x2  
  52  4:35  Supply Depot  
  54  4:40  Siege Tank  
  54  4:44  SCV x2  
  59  4:47  Refinery, Barracks  
  59  4:48  Barracks  
  59  4:49  Engineering Bay  
  59  4:50  Barracks Tech Lab  
  59  4:56  SCV x2, Starport Reactor  
  61  5:00  Supply Depot  
  61  5:09  SCV x2  
  61  5:10  Marine  
  61  5:11  Stimpack  
  61  5:13  Refinery  
  64  5:17  Siege Tank  
  64  5:21  SCV x2  
  69  5:23  Supply Depot  
  69  5:31  Marine  
  69  5:33  SCV x2  
  69  5:35  Marine x2  
  74  5:37  Barracks Tech Lab  
  74  5:39  Barracks  
  74  5:41  Barracks  
  71  5:51  Marine  
  71  5:52  Medivac, Marine x2  
  71  5:55  Terran Infantry Weapons Level 1, Marine  
  71  5:56  Combat Shields  
  72  5:59  Siege Tank  
  75  6:04  Supply Depot  
  75  6:09  Marine  
  75  6:10  Marine x2  
  78  6:13  Marine  
  78  6:17  Supply Depot  
  79  6:27  Barracks Reactor  
  79  6:28  Barracks Reactor, Marine x3  
  79  6:31  Marine, Siege Tank  
  86  6:39  Medivac x2  
  90  6:44  Command Center  
  90  6:46  Marine x3  
  92  6:49  Marine  
  92  6:51  Supply Depot  
  92  7:03  Siege Tank  
  92  7:04  Marine x7  
  102  7:15  Marine  
  102  7:21  Marine  
  102  7:22  Marine x4  
  106  7:26  Marine x2  
  106  7:28  Medivac  
  109  7:33  Marine  
  109  7:39  Marine  
  109  7:42  Supply Depot  
  109  7:43  Marine  
  110  7:44  Marine  
  110  7:46  Marine x3, Siege Tank  
  110  7:47  Marine  
  110  7:51  Marine  
  105  7:52  SCV x2  
  105  7:57  Marine  
  102  8:01  Marine  
  102  8:02  Marine  
  102  8:04  SCV, Marine x3  
  103  8:09  SCV  
  104  8:16  SCV  
  104  8:18  Siege Tank  
  105  8:20  Marine x4  
  105  8:21  SCV  
  105  8:24  Marine  
  105  8:25  Marine  
  112  8:29  SCV  
  112  8:33  SCV, Marine x2  
Tags
 
Add a new tag
Caveats
  • Supply blocks, unpowered buildings, or Contaminate may cause inaccurate times.
  • Supply counts are checked every 10 seconds.